 Dungeon Crawl Stone Soup version 0.29.0-4-gdea44cf6ec (webtiles) character file.

Game seed: 7506917620468155596

765 qw the Cleaver (level 7, 0/56 HPs)
             Began as a Barachi Chaos Knight on Sept 6, 2022.
             Succumbed to an orange demon's poison
             ... on level 4 of the Dungeon.
             The game lasted 00:01:58 (5392 turns).

qw the Cleaver (Barachi Chaos Knight)               Turns: 5392, Time: 00:01:59

Health: 0/56       AC: 10    Str: 15      XL:     7   Next: 81%
Magic:  7/7        EV: 11    Int:  4 (6)  God:
Gold:   269        SH:  0    Dex:  9 (11) Spells: 6/6 levels left

rFire   . . .      SeeInvis .   o - +0 war axe
rCold   . . .      Faith    .   (no shield)
rNeg    . . .      Spirit   .   g - +4 ring mail "Itiez" {rElec Int-5 Dex-4 Slay+4}
rPois   .          Reflect  .   (no helmet)
rElec   +          Harm     .   j - +0 cloak
rCorr   .          Rampage  .   (no gloves)
Will    .....      Rage     3%  (no boots)
Stlth   ..........              i - amulet of the acrobat
HPRegen 0.18/turn               (no ring)
MPRegen 0.10/turn               (no ring)

@: lethally poisoned (0 -> -29), about to teleport, spiked, slow
A: amphibious, slowness 1, strong legs 1, +LOS, agile 1, berserk 1, screaming 1
a: Hop


You were on level 4 of the Dungeon.
You visited 1 branch of the dungeon, and saw 4 of its levels.

You collected 269 gold pieces.


Innate Abilities, Weirdness & Mutations

You are amphibious.
You cover ground slowly.
You can hop short distances.
You have an extended range of vision and can be seen from far away.
You are agile. (Dex +4, Str/Int -1)
You sometimes lose your temper in combat.
You occasionally shout uncontrollably at your foes.


   Skills:
 - Level 5.6 Fighting
 + Level 8.7 Axes
 - Level 2.4 Armour
 - Level 2.3 Dodging


You had 6 spell levels left.
You didn't know any spells.
Your spell library was empty.

Inventory:

Hand Weapons
 n - a +3 flail
 o - a +0 war axe (weapon)
Armour
 g - the +4 ring mail "Itiez" (worn) {rElec Int-5 Dex-4 Slay+4}
   (You found it on level 2 of the Dungeon)

   Int:       It affects your intelligence (-5).
   Dex:       It affects your dexterity (-4).
   Slay:      It affects your accuracy & damage with ranged weapons and melee
   (+4).
   rElec:     It insulates you from electricity.
 j - a +0 cloak (worn)
Jewellery
 i - an amulet of the acrobat (around neck)
 p - a ring of poison resistance
Scrolls
 a - 2 scrolls of teleportation
 b - 2 scrolls of identify
 l - a scroll of summoning {unknown}
 m - a scroll of magic mapping {unknown}
Potions
 d - a potion of lignification {unknown}
 e - 2 potions of curing
 f - 2 potions of heal wounds
 h - a potion of brilliance {unknown}
 k - 2 potions of magic {unknown}
Miscellaneous
 c - a piece from Xom's chessboard (15/15)

Dungeon Overview and Level Annotations

Branches:
Dungeon (4/15)
 Temple: D:4-7

Altars:
Elyvilon
Xom

Annotations:
D:3 2 runed translucent doors, qw's ghost, amateur MiBe


Message History

Enter note: You hit the red devil but do no damage.
You hit the neqoxec. You slash the neqoxec!
The neqoxec is heavily wounded.
You hit the red devil. The red devil closely misses you.
The neqoxec misses you. The orange demon misses you.
You slash the neqoxec!
You kill the neqoxec!
The neqoxec disappears in a puff of smoke!
You hit the red devil but do no damage.
The red devil hits you with a +0 trident.
Barbed spikes become lodged in your body.
The orange demon stings you but does no damage.
You miss the red devil.
The red devil is lightly wounded.
You barely miss the neqoxec.
The red devil hits you with a +0 trident.
Barbed spikes become lodged in your body.
The neqoxec hits you!
The orange demon stings you but does no damage.
You barely miss the red devil.
The red devil is lightly wounded.
You hit the neqoxec but do no damage.
The red devil hits you with a +0 trident!
Barbed spikes become lodged in your body.
The neqoxec hits you but does no damage.
The orange demon barely misses you.
You slash the red devil!
The red devil is heavily wounded.
You hit the neqoxec.
The red devil hits you with a +0 trident!
Barbed spikes become lodged in your body.
The neqoxec hits you! The orange demon stings you from afar!
You are lethally poisoned!
The orange demon poisons you!
5392 ||| READING 3 scrolls of teleportation.
As you read the scroll of teleportation, it crumbles to dust.
You feel strangely unstable.
You die...

#### ...#####
........
.....####.##########
.....# #.....44@34#
.....# #..#######.#
.....# #.# #..#.#
#.### ####)#
#...######## .##.)##
#.#........# .8##..#
#.....####.# ...##%#
#.#######.###.# #.#
...8#)# #.........#
#.# #.#


You could see an orange demon (summoned), a neqoxec (summoned), a chaos spawn
(summoned) and a red devil (summoned).

Vanquished Creatures
  A black bear (shapeshifter) (D:2)
  An ogre (D:4)
  2 phantoms (D:4)
  3 scorpions (D:4)
  2 gnoll boudas (D:4)
  4 adders
  9 gnolls (D:4)
  An ufetubus (D:4)
  A worm (D:3)
  6 dart slugs
  12 ball pythons
  4 bats
  9 endoplasms
  3 giant cockroaches (D:1)
  5 goblins
  8 hobgoblins
  6 kobolds
  3 quokkas
  2 frilled lizards
  4 rats
86 creatures vanquished.

Vanquished Creatures (others)
  13 plants (D:4)
13 creatures vanquished.

Grand Total: 99 creatures vanquished

Notes
Turn   | Place    | Note
-------+----------+-------------------------------------------
     0 | D:1      | qw the Barachi Chaos Knight began the quest for the Orb.
     0 | D:1      | Reached XP level 1. HP: 18/18 MP: 1/1
     0 | D:1      | 0 ||| qw: Version: 0.1-a-107-g9ff403c
     0 | D:1      | 0 ||| qw: Game counter: 6134
     0 | D:1      | 0 ||| qw: Always use a shield: true
     0 | D:1      | 0 ||| qw: God list: Okawaru
     0 | D:1      | 0 ||| qw: Allow faded altars: false
     0 | D:1      | 0 ||| qw: Do Orc after D:15 true
     0 | D:1      | 0 ||| qw: Do second Lair branch before Depths: true
     0 | D:1      | 0 ||| qw: Lair rune preference: random
     0 | D:1      | 0 ||| qw: Plans: Normal
     0 | D:1      | 0 ||| PLANNING D:1-11
     0 | D:1      | Fell from the grace of Xom
    17 | D:1      | Found a faded altar of an unknown god.
    33 | D:1      | Found a shimmering altar of Xom.
    41 | D:1      | 41 ||| Stepping ~*~*~tactically~*~*~ (stealth).
    90 | D:1      | XOM: give mutations
    90 | D:1      | Gained mutation: You have hidden genetic defects. [Xom's
                  | mischief]
    90 | D:1      | Gained mutation: You are dopey. (Int -2) [Xom's mischief]
   132 | D:1      | XOM: summons 2 hostile shadow creatures
   229 | D:1      | Reached XP level 2. HP: 17/24 MP: 2/2
   234 | D:1      | Gained mutation: You sometimes lose your temper in combat.
                  | [hidden defects]
   239 | D:1      | 239 ||| Stepping ~*~*~tactically~*~*~ (stealth).
   270 | D:1      | 270 ||| Stepping ~*~*~tactically~*~*~ (stealth).
   271 | D:1      | 271 ||| Stepping ~*~*~tactically~*~*~ (stealth).
   272 | D:1      | 272 ||| Stepping ~*~*~tactically~*~*~ (stealth).
   274 | D:1      | Reached skill level 4 in Axes
   277 | D:1      | Gained mutation: You occasionally shout uncontrollably at
                  | your foes. [hidden defects]
   277 | D:1      | Lost mutation: You have hidden genetic defects. [hidden
                  | defects expressed]
   666 | D:1      | 666 ||| Stepping ~*~*~tactically~*~*~ (hiding).
   683 | D:1      | 683 ||| Stepping ~*~*~tactically~*~*~ (stealth).
   689 | D:1      | Reached XP level 3. HP: 29/29 MP: 3/3
   883 | D:1      | XOM: stat loss: -3 Str (12/15)
  1031 | D:1      | 1031 ||| Stepping ~*~*~tactically~*~*~ (stealth).
  1174 | D:1      | 1174 ||| Stepping ~*~*~tactically~*~*~ (hiding).
  1276 | D:1      | 1276 ||| Stepping ~*~*~tactically~*~*~ (hiding).
  1278 | D:1      | 1278 ||| Stepping ~*~*~tactically~*~*~ (hiding).
  1279 | D:1      | 1279 ||| Stepping ~*~*~tactically~*~*~ (hiding).
  1280 | D:1      | 1280 ||| Stepping ~*~*~tactically~*~*~ (hiding).
  1281 | D:1      | 1281 ||| Stepping ~*~*~tactically~*~*~ (hiding).
  1283 | D:1      | 1283 ||| Stepping ~*~*~tactically~*~*~ (hiding).
  1284 | D:1      | 1284 ||| Stepping ~*~*~tactically~*~*~ (hiding).
  1432 | D:1      | 1432 ||| READING scroll labelled UMULOR FAHEASISA.
  1579 | D:1      | 1579 ||| READING scroll labelled OCIJE MELALU.
  1588 | D:1      | 1588 ||| READING scroll labelled GOKHLA FIUNUUFUY.
  1593 | D:1      | 1593 ||| READING scroll labelled CAMAIMUENE.
  1600 | D:1      | 1600 ||| DRINKING 2 golden potions.
  1601 | D:1      | 1601 ||| DRINKING 2 red potions.
  1660 | D:2      | 1660 ||| Stepping ~*~*~tactically~*~*~ (stealth).
  1661 | D:2      | 1661 ||| Stepping ~*~*~tactically~*~*~ (stealth).
  1665 | D:2      | 1665 ||| DROPPING +0 club.
  1670 | D:2      | 1670 ||| Stepping ~*~*~tactically~*~*~ (stealth).
  1710 | D:2      | 1710 ||| Stepping ~*~*~tactically~*~*~ (hiding).
  1711 | D:2      | 1711 ||| Stepping ~*~*~tactically~*~*~ (hiding).
  1712 | D:2      | 1712 ||| Stepping ~*~*~tactically~*~*~ (hiding).
  1713 | D:2      | 1713 ||| Stepping ~*~*~tactically~*~*~ (hiding).
  1715 | D:2      | 1715 ||| Stepping ~*~*~tactically~*~*~ (hiding).
  1716 | D:2      | 1716 ||| Stepping ~*~*~tactically~*~*~ (hiding).
  1726 | D:2      | Reached skill level 5 in Axes
  1726 | D:2      | 1726 ||| Stepping ~*~*~tactically~*~*~ (stealth).
  1731 | D:2      | 1731 ||| Stepping ~*~*~tactically~*~*~ (stealth).
  1811 | D:2      | 1811 ||| DROPPING +0 whip.
  1947 | D:2      | Reached XP level 4. HP: 30/36 MP: 4/4
  1964 | D:2      | 1964 ||| FLEEEEING.
  1965 | D:2      | 1965 ||| FLEEEEING.
  1965 | D:2      | Noticed a shapeshifter
  1965 | D:2      | a goblin changed into a shapeshifter
  1965 | D:2      | XOM: polymorph goblin -> shapeshifter
  1966 | D:2      | 1966 ||| FLEEEEING.
  1967 | D:2      | Noticed a black bear
  1979 | D:2      | HP: 9/36 [black bear (shapeshifter) (1)]
  1980 | D:2      | 1980 ||| DRINKING potion of heal wounds.
  1987 | D:2      | Killed a black bear
  1988 | D:2      | Reached skill level 6 in Axes
  1988 | D:2      | Reached XP level 5. HP: 25/41 MP: 5/5
  2441 | D:2      | 2441 ||| Stepping ~*~*~tactically~*~*~ (hiding).
  2442 | D:2      | 2442 ||| Stepping ~*~*~tactically~*~*~ (hiding).
  2444 | D:2      | 2444 ||| Stepping ~*~*~tactically~*~*~ (hiding).
  2464 | D:2      | Identified the +4 ring mail "Itiez" {rElec Int-5 Dex-4
                  | Slay+4}
  2565 | D:2      | XOM: torment (22/42 hp)
  2745 | D:2      | 2745 ||| UPGRADING to +4 ring mail "Itiez" {rElec Int-5
                  | Dex-4 Slay+4}.
  2755 | D:2      | 2755 ||| DROPPING +2 leather armour.
  2756 | D:2      | 2756 ||| READING scroll labelled QIWNUL ZIFOY.
  2757 | D:2      | 2757 ||| READING scroll labelled FUDO GIOWKI.
  2760 | D:2      | 2760 ||| READING scroll labelled ZASELE RECUVEGHIR.
  3105 | D:3      | Found a runed translucent door.
  3107 | D:3      | Noticed qw's ghost (amateur MiBe)
  3122 | D:3      | Found a white marble altar of Elyvilon.
  3125 | D:3      | 3125 ||| READING scroll of brand weapon.
  3125 | D:3      | 3125 ||| BRANDING +1 hand axe of draining.
  3131 | D:3      | 3131 ||| Stepping ~*~*~tactically~*~*~ (hiding).
  3168 | D:3      | 3168 ||| Stepping ~*~*~tactically~*~*~ (stealth).
  3196 | D:3      | XOM: stat loss: -2 Int (3/5)
  3303 | D:3      | Found a runed translucent door.
  3456 | D:3      | XOM: 3-stop teleportation journey
  3704 | D:3      | 3704 ||| UPGRADING to +0 cloak.
  3709 | D:3      | 3709 ||| UPGRADING to amulet of the acrobat.
  3714 | D:3      | 3714 ||| READING scroll labelled EDUL SAMYB.
  3748 | D:4      | Noticed a phantom
  3752 | D:4      | Killed a phantom
  3753 | D:4      | Reached skill level 7 in Axes
  3753 | D:4      | Reached XP level 6. HP: 48/48 MP: 6/6
  3872 | D:4      | 3872 ||| Stepping ~*~*~tactically~*~*~ (stealth).
  3885 | D:4      | Reached skill level 8 in Axes
  3906 | D:4      | XOM: draining
  3926 | D:4      | XOM: give mutations
  3926 | D:4      | Gained mutation: You are agile. (Dex +4, Str/Int -1) [Xom's
                  | mischief]
  3926 | D:4      | Lost mutation: You are dopey. (Int -2) [Xom's mischief]
  3960 | D:4      | Reached XP level 7. HP: 46/50 MP: 7/7
  4132 | D:4      | 4132 ||| Stepping ~*~*~tactically~*~*~ (stealth).
  4137 | D:4      | 4137 ||| Stepping ~*~*~tactically~*~*~ (stealth).
  4142 | D:4      | 4142 ||| Stepping ~*~*~tactically~*~*~ (stealth).
  4143 | D:4      | 4143 ||| Stepping ~*~*~tactically~*~*~ (stealth).
  4189 | D:4      | 4189 ||| DROPPING +2 mace of protection.
  4207 | D:4      | 4207 ||| Stepping ~*~*~tactically~*~*~ (stealth).
  4266 | D:4      | 4266 ||| Stepping ~*~*~tactically~*~*~ (stealth).
  4281 | D:4      | 4281 ||| FLEEEEING.
  4290 | D:4      | 4290 ||| STAIRDANCE
  4437 | D:3      | XOM: stat loss: -2 Int (4/6)
  4493 | D:3      | 4493 ||| READING scroll labelled NOTTINLEOMON.
  4507 | D:4      | 4507 ||| Stepping ~*~*~tactically~*~*~ (stealth).
  4577 | D:4      | 4577 ||| Stepping ~*~*~tactically~*~*~ (hiding).
  4578 | D:4      | 4578 ||| Stepping ~*~*~tactically~*~*~ (hiding).
  4582 | D:4      | 4582 ||| Stepping ~*~*~tactically~*~*~ (hiding).
  4600 | D:4      | XOM: stat loss: -3 Dex (8/11)
  4665 | D:4      | 4665 ||| Stepping ~*~*~tactically~*~*~ (stealth).
  4676 | D:4      | 4676 ||| Stepping ~*~*~tactically~*~*~ (stealth).
  4877 | D:4      | 4877 ||| DROPPING +0 flail.
  5090 | D:4      | 5090 ||| Stepping ~*~*~tactically~*~*~ (stealth).
  5091 | D:4      | 5091 ||| Stepping ~*~*~tactically~*~*~ (stealth).
  5094 | D:4      | 5094 ||| Stepping ~*~*~tactically~*~*~ (hiding).
  5102 | D:4      | 5102 ||| Stepping ~*~*~tactically~*~*~ (hiding).
  5287 | D:4      | 5287 ||| SWAPPING to +0 war axe.
  5288 | D:4      | 5288 ||| DROPPING +1 vorpal hand axe.
  5385 | D:4      | XOM: summons 5 hostile demons
  5386 | D:4      | Noticed a chaos spawn
  5386 | D:4      | Noticed a neqoxec
  5386 | D:4      | Noticed a red devil
  5386 | D:4      | Noticed an orange demon
  5386 | D:4      | Noticed a neqoxec
  5391 | D:4      | HP: 7/56 [orange demon[Xom] (8)]
  5392 | D:4      | 5392 ||| READING 3 scrolls of teleportation.
  5392 | D:4      | Succumbed to an orange demon's poison

Levels and vault maps discovered:
D:1:      dpeg_arrival_lava_altar, layout_rooms,
          dreamdust_ecumenical_altar_statues
D:2:      layout_basic
D:3:      layout_basic, mainiacjoe_overflow_paths, ebering_ghost_sewer_f
D:4:      layout_loops_ring, nicolae_ru_path_of_blood, dk_noncrumbling_4,
          lexackson_kobold_supper

Skill      XL: |  1  2  3  4  5  6  7 |
---------------+----------------------+-----
Axes           | 4 5 6 7 8 |  8.7
Fighting       | 4 5 |  5.6
Dodging        | 2 |  2.3
Armour         | |  2.4

Action                   |  1- 3 |  4- 6 |  7- 9 || total
-------------------------+-------+-------+-------++-------
Melee: Hand axe          |    99 |    79 |    71 ||   249
       Punch             |     3 |       |     1 ||     4
       War axe           |       |       |     8 ||     8
Invok: Renounce Religion |     1 |       |       ||     1
  Use: Scroll            |     4 |     5 |     2 ||    11
       Potion            |     2 |     1 |       ||     3
 Stab: Distracted        |     1 |       |       ||     1
Armor: Leather armour    |    38 |    15 |       ||    53
       Ring mail         |       |    16 |    14 ||    30
Dodge: Dodged            |    63 |    32 |    37 ||   132

Table legend:
 A = Non-vault XP
 B = Vault XP
 C = Vault XP percentage of total XP
 D = Non-vault monster count
 E = Vault monster count
 F = Vault count percentage of total count
                 A         B        C        D         E       F
            +---------+---------+-------+---------+---------+-------
      Total |    1093 |       0 |   0.0 |      86 |       0 |   0.0
            +---------+---------+-------+---------+---------+-------
        D:1 |      50 |       0 |   0.0 |      25 |       0 |   0.0
        D:2 |     174 |       0 |   0.0 |      20 |       0 |   0.0
        D:3 |      27 |       0 |   0.0 |      14 |       0 |   0.0
        D:4 |     842 |       0 |   0.0 |      27 |       0 |   0.0
            +---------+---------+-------+---------+---------+-------
